 Dungeon Crawl Stone Soup: Circus Animals version 1.5.4-47-g4deb747 (webtiles) character file.

833 JInAPerfectWorld the Magician (level 10, -3/93 HPs) *EASY*
             Began as a Pale Draconian Conjurer on May 30, 2016.
             Was a High Priest of Lugonu.
             Slain by a three-headed hydra (6 damage)
             ... on level 1 of the Swamp.
             The game lasted 03:15:58 (11079 turns).

JInAPerfectWorld the Magician (DrCj)               Turns: 11079, Time: 03:15:58

Health: -3/93      AC: 10    Str: 10    XL:     10   Next: 80%
Magic:  76/110     EV: 12    Int: 28    God:    Lugonu [*****.]
Gold:   799        SH:  0    Dex: 17    Spells: 4 memorised, 9 levels left

rFire  . . .     SeeInvis .     E - +0 scythe (flame)
rCold  . . .     Gourm    .     (armour unavailable)
rNeg   . . .     Faith    .     (shield currently unavailable)
rPois  +         Spirit   .     (helmet restricted)
rElec  .         Dismiss  .     H - +0 cloak of the Hippo {rPois Dex+5}
rCorr  .         Reflect  .     (no gloves)
SustAt .         Harm     .     s - +2 pair of boots
MR     .....                    r - amulet of stamina regeneration
Stlth  ++........               M - +4 ring of intelligence
                                p - +5 ring of intelligence

@: exhausted, slow, not resistant to hostile enchantments, unstealthy
A: breathe steam, unfitting armour, cold-blooded, AC +7
a: Breathe Steam, Depart the Abyss, Bend Space, Banish, Corrupt, Enter the
Abyss, Renounce Religion


You were on level 1 of the Swamp.
You worshipped Lugonu.
Lugonu was extremely pleased with you.
You were not hungry.

You visited 4 branches of the dungeon, and saw 13 of its levels.
You also visited: Sewer.

You collected 799 gold pieces.

Inventory:

Hand Weapons
 a - a +0 dagger
 c - a +4 short sword
 e - a +0 trident of distortion
 f - a +1 great sword
 h - a +0 hunting sling
 j - a +0 dagger
 k - a +2 falchion of holy wrath
 m - a +0 hand crossbow
 t - a +0 vampiric spear
 u - a +6 trident of venom
 A - a +0 blowgun
 D - a +0 hand axe
 E - a +0 scythe of flaming (weapon)
 I - a +1 mace of crushing
Missiles
 d - 56 arrows of flame
 i - 469 stones (quivered)
 n - 64 poisoned arrows
 q - 16 needles of frenzy
 x - 52 silver sling bullets
 B - 31 poisoned needles
 K - 64 arrows of frost
 N - 60 arrows of dispersal
Armour
 b - a +2 cloak
 g - a +0 pair of gloves
 l - a +1 buckler
 s - a +2 pair of boots (worn)
 H - the +0 cloak of the Hippo (worn) {rPois Dex+5}
   (You acquired it on level 8 of the Dungeon)

   It affects your dexterity (+5).
   It protects you from poison.
Magical Staves
 w - an uncursed staff of summoning
 O - a cursed staff of summoning
Rods
 C - a +0 rod of clouds (9/9)
   (You found it on level 7 of the Dungeon)
Jewellery
 p - a +5 ring of intelligence (left hand)
 r - an amulet of stamina regeneration (around neck)
 z - an uncursed ring of stealth
 G - an uncursed ring of magical power
 J - an uncursed ring of fire
 M - a +4 ring of intelligence (right hand)
Wands
 o - a wand of lightning (3/15)
 v - a wand of digging (7/24)
 y - a wand of flame (55/84)
 F - a wand of slowing (3/48)
 L - a wand of random effects (33/48)
Scrolls
 c - 2 scrolls of enchant armour
 d - 2 scrolls of noise
 e - 7 scrolls of identify
 h - 5 scrolls of immolation
 j - 3 scrolls of enchant weapon
 k - 10 scrolls of teleportation
 l - a scroll of fear
 m - 3 scrolls of recharging
 s - 2 scrolls of random uselessness {unknown}
 u - 4 scrolls of amnesia
 v - a scroll of acquirement
 z - a scroll of fog {unknown}
 B - a scroll of torment {unknown}
 D - a scroll of summoning {unknown}
Potions
 b - 3 potions of heal wounds
 f - a potion of invisibility
 g - 7 potions of curing
 i - a potion of haste {unknown}
 n - 23 potions of stamina
 o - 5 potions of might {unknown}
 p - 3 potions of agility
 q - a potion of ambrosia {unknown}
 r - 2 potions of lignification
 t - a potion of mutation {unknown}
 w - 3 potions of weak mutation
 A - a potion of magic {unknown}
 C - a potion of degeneration {unknown}
Books
 a - a book of Conjurations

   Spells                             Type                      Level
   a - Magic Dart                     Conjuration                  1
   b - Searing Ray                    Conjuration                  2
   c - Dazzling Spray                 Conjuration/Hexes            3
   d - Fulminant Prism                Conjuration/Hexes            4
   e - Iskenderun's Mystic Blast      Conjuration                  4
   f - Iskenderun's Battlesphere      Conjuration/Charms           5
 x - a book of Beasts

   Spells                             Type                      Level
   a - Summon Butterflies             Summoning                    1
   b - Call Canine Familiar           Summoning                    3
   c - Summon Ice Beast               Ice/Summoning                4
   d - Summon Mana Viper              Hexes/Summoning              5
   e - Summon Hydra                   Summoning                    7
 y - a book of Conjurations

   Spells                             Type                      Level
   a - Magic Dart                     Conjuration                  1
   b - Searing Ray                    Conjuration                  2
   c - Dazzling Spray                 Conjuration/Hexes            3
   d - Fulminant Prism                Conjuration/Hexes            4
   e - Iskenderun's Mystic Blast      Conjuration                  4
   f - Iskenderun's Battlesphere      Conjuration/Charms           5


   Skills:
 * Level 4.7 Fighting
 - Level 1.2(1.4) Short Blades
 - Level 1.0(1.3) Long Blades
 - Level 1.0(1.2) Axes
 - Level 1.0(1.3) Polearms
 - Level 0.8(1.0) Staves
 + Level 3.5 Dodging
 - Level 2.4 Stealth
 - Level 1.2 Shields
 + Level 2.6 Unarmed Combat
 + Level 5.2 Spellcasting
 - Level 5.0 Conjurations
 - Level 2.0 Hexes
 - Level 2.1 Charms
 - Level 2.0 Summonings
 - Level 1.0 Invocations
 - Level 1.2 Evocations


You had 9 spell levels left.
You knew the following spells:

 Your Spells              Type           Power        Failure   Level  Hunger
a - Magic Dart            Conj           #.........   6%          1    ##.....
b - Summon Butterflies    Summ           #.........   9%          1    ##.....
c - Dazzling Spray        Conj/Hex       #.........   25%         3    ##.....
d - Iskenderun's Battles  Conj/Chrm      #.........   73%         5    ###....


Dungeon Overview and Level Annotations

Branches:
Dungeon (9/13)               Lair (2/7) D:7           Swamp (1/4) Lair:2
 Temple (1/1) D:4
    Orc: D:9-12      Shoals: Lair:1-7     Snake: Lair:1-7    Spider: Lair:1-7

Altars:
Ashenzari
Cheibriados
Dithmenos
Elyvilon
Fedhas
Gozag
Kikubaaqudgha
Makhleb
Nemelex Xobeh
Okawaru
Pakellas
Qazlal
Ru
Sif Muna
Trog
Vehumet
Xom
Yredelemnul
Zin
The Shining One
Lugonu

Shops:
D:4 (


Innate Abilities, Weirdness & Mutations

You can breathe blasts of scalding, opaque steam.
Your pale cyan-grey scales are hard (AC +7).
Your body does not fit into most forms of armour.
You are cold-blooded and may be slowed by cold attacks.


Message History

You burn the four-headed hydra. (2)
You tail-slap the four-headed hydra, but do no damage.
The four-headed hydra bites you (8)!
* * * LOW HITPOINT WARNING * * *
The four-headed hydra bites you but does no damage.
The four-headed hydra completely misses you.
The four-headed hydra bites you (8)!
* * * LOW HITPOINT WARNING * * *
The four-headed hydra barely misses you.
The four-headed hydra bites you (4).
You were prevented from receiving too much damage! (4 -> 2)
* * * LOW HITPOINT WARNING * * *
The four-headed hydra bites you but does no damage.
The four-headed hydra barely misses you.
You hack one of the four-headed hydra's heads off!
The flame cauterises the wound!
You hit the three-headed hydra (2). You burn the three-headed hydra. (1)
You tail-slap the three-headed hydra (2).
The three-headed hydra bites you (6).
* * * LOW HITPOINT WARNING * * *
The three-headed hydra bites you (6).
You die...

♣.....♣
♣≈♣♣.≈.♣.♣
.≈.§..♣
♣≈♣♣♣.≈≈♣
$≈≈♣♣♣♣
♣♣♣♣♣≈.♣♣ ≈≈.
♣..≈≈.♣♣
♣...≈.≈#
♣♣♣....≈♣# #
♣♣...≈..†.♣≈##
≈..≈≈≈≈≈≈.≈≈≈.≈♣
≈≈.≈≈≈≈≈≈@D≈≈.♣♣
≈≈...≈)♣♣..≈≈.≈♣
...♣..♣♣♣♣.>.≈♣♣
♣♣♣♣.≈ ...≈≈≈≈≈
♣.≈ ........ .
..≈....≈ ♣....♣.
....♣


You could see a three-headed hydra.

Vanquished Creatures
  A hydra (Lair:2)
  A wizard (Swamp:1)
  A black mamba (Lair:1)
  3 spiny frogs (Lair:1)
  A komodo dragon (Lair:1)
  A giant leech (Swamp:1)
  Prince Ribbit (Lair:1)
  7 blink frogs (Lair:1)
  A human (D:7)
  A yak (D:7)
  A basilisk (Lair:1)
  A hog (D:7)
  A hippogriff (Lair:2)
  A swamp worm (Swamp:1)
  4 water moccasins
  2 hell hounds (D:7)
  A wasp (Swamp:1)
  A sky beast (D:6)
  4 ogres
  A black bear (D:7)
  2 phantoms
  2 crocodiles
  3 big kobolds (Sewer)
  A giant frog (Lair:1)
  A gnoll sergeant (D:6)
  A scorpion (D:5)
  3 giant frog zombies
  2 crimson imps
  A centaur zombie (D:6)
  A quasit (D:8)
  2 hounds
  2 jellies (D:6)
  2 orc wizards
  2 orc priests
  A giant frog skeleton (D:5)
  Natasha (thrice) (D:3)
  2 worker ants
  2 sheep (D:7)
  A hound zombie (D:7)
  Robin (D:3)
  A howler monkey skeleton (D:7)
  2 gnolls (D:6)
  6 adders
  9 river rats (Lair:1)
  2 shadow imps
  An ooze (D:3)
  2 adder skeletons (D:4)
  3 worms
  3 giant geckos
  13 orcs
  4 ball pythons
  5 giant cockroaches
  17 goblins
  9 hobgoblins
  7 jackals
  17 kobolds
  3 quokkas
  4 bats
  A giant gecko skeleton (D:4)
  2 giant newts
  18 rats
  3 fungi (Sewer)
202 creatures vanquished.

Vanquished Creatures (others)
  A black bear (D:6)
  A bat (D:3)
2 creatures vanquished.

Grand Total: 204 creatures vanquished

Notes
Turn   | Place    | Note
--------------------------------------------------------------
     0 | D:1      | JInAPerfectWorld the Draconian Conjurer began the quest for the Orb.
     0 | D:1      | Reached XP level 1. HP: 17/17 MP: 110/110
   740 | D:3      | Reached XP level 2. HP: 26/26 MP: 110/110
   746 | D:3      | Learned a level 2 spell: Searing Ray
   790 | D:3      | Noticed Robin
   820 | D:3      | Reached XP level 3. HP: 33/34 MP: 108/110
  1483 | D:4      | Found a staircase to the Ecumenical Temple.
  1503 | Temple   | Entered the Ecumenical Temple
  2377 | D:3      | Noticed Natasha
  2397 | D:4      | Noticed an ogre
  2436 | D:4      | Killed an ogre
  2436 | D:4      | Reached skill level 1 in Fighting
  2436 | D:4      | Reached XP level 4. HP: 42/42 MP: 110/110
  2442 | D:4      | Learned a level 3 spell: Dazzling Spray
  2515 | D:5      | Entered Level 5 of the Dungeon
  2530 | D:5      | Reached XP level 5. HP: 51/51 MP: 103/110
  3044 | D:5      | Found a faded altar to an unknown god.
  3050 | D:5      | Became a worshipper of Lugonu the Unformed
  3050 | D:5      | Reached * piety under Lugonu
  3050 | D:5      | Reached ** piety under Lugonu
  3062 | D:5      | Reached skill level 1 in Shields
  3290 | D:4      | Found Hoiraced's Weapon Boutique.
  4667 | D:3      | Reached *** piety under Lugonu
  4673 | D:3      | Killed Natasha
  4673 | D:3      | Reached XP level 6. HP: 51/60 MP: 9/110
  4687 | D:3      | Killed Robin
  4701 | D:3      | Noticed Natasha
  4706 | D:3      | Killed Natasha
  4706 | D:3      | Reached skill level 1 in Hexes
  4753 | D:3      | Learned a level 5 spell: Iskenderun's Battlesphere
  4869 | D:3      | Noticed Natasha
  4882 | D:3      | Killed Natasha
  5778 | D:6      | Found a glowing drain.
  5783 | Sewer    | Entered a sewer
  5845 | Sewer    | Reached **** piety under Lugonu
  6434 | Sewer    | Reached skill level 1 in Unarmed Combat
  6434 | Sewer    | Your scales start taking on a pale cyan-grey colour.
  6434 | Sewer    | Reached XP level 7. HP: 63/68 MP: 94/110
  6446 | Sewer    | Reached skill level 1 in Charms
  6496 | D:6      | Found a deep blue altar of Sif Muna.
  6847 | D:5      | Reached ***** piety under Lugonu
  7270 | D:6      | Reached skill level 1 in Short Blades
  7299 | D:7      | Found a staircase to the Lair.
  7319 | D:7      | HP: 4/68 [hell hound (4)]
  7558 | D:7      | Identified a +0 rod of clouds (9/9) (You found it on level 7 of the Dungeon)
  7912 | D:7      | Reached skill level 1 in Evocations
  7997 | Lair:1   | Entered Level 1 of the Lair of Beasts
  7997 | Lair:1   | Noticed a blink frog
  8000 | Lair:1   | Noticed a blink frog
  8001 | Lair:1   | Noticed Prince Ribbit
  8007 | Lair:1   | Noticed a blink frog
  8007 | Lair:1   | Noticed a spiny frog
  8008 | Lair:1   | Killed a blink frog
  8008 | Lair:1   | Reached skill level 1 in Long Blades
  8008 | Lair:1   | Reached skill level 1 in Polearms
  8008 | Lair:1   | Reached XP level 8. HP: 53/77 MP: 94/110
  8067 | D:7      | Found an opulent altar of Gozag.
  8072 | D:7      | Found an iron altar of Okawaru.
  8072 | D:7      | Found a snail-covered altar of Cheibriados.
  8076 | D:7      | Found a stormy altar of Qazlal.
  8121 | D:7      | Learned a level 1 spell: Summon Butterflies
  8283 | D:6      | Found a bloodstained altar of Trog.
  8313 | D:6      | Reached skill level 5 in Conjurations
  8732 | D:7      | Reached skill level 1 in Invocations
  8789 | D:8      | Identified 2 scrolls of acquirement
  8790 | D:8      | Got a brightly glowing cloak
  8801 | D:8      | Identified the +0 cloak of the Hippo {rPois Dex+5} (You acquired it on level 8 of the Dungeon)
  9105 | D:7      | Found a sacrificial altar of Ru.
  9183 | D:7      | Reached skill level 1 in Summonings
  9511 | Lair:1   | Killed Prince Ribbit
  9511 | Lair:1   | Reached XP level 9. HP: 85/85 MP: 110/110
  9962 | Lair:1   | Reached XP level 10. HP: 74/93 MP: 73/110
 10335 | Lair:2   | Noticed a four-headed hydra
 10349 | Lair:2   | Killed a one-headed hydra
 10349 | Lair:2   | Reached skill level 1 in Axes
 10349 | Lair:2   | Reached skill level 5 in Spellcasting
 10827 | Lair:2   | Found a staircase to the Swamp.
 10843 | Swamp:1  | Entered Level 1 of the Swamp
 10986 | Swamp:1  | Noticed an alligator
 11055 | Swamp:1  | Noticed a wizard
 11068 | Swamp:1  | Killed a wizard
 11068 | Swamp:1  | Noticed a five-headed hydra
 11078 | Swamp:1  | HP: 9/93 [four-headed hydra (2)]
 11079 | Swamp:1  | HP: 3/93 [three-headed hydra (6)]
 11079 | Swamp:1  | Slain by a three-headed hydra

Skill      XL: |  1  2  3  4  5  6  7  8  9 10 |
---------------+-------------------------------+-----
Dodging        | 2 3 |  3.5
Fighting       | 1 2 3 4 |  4.7
Spellcasting   | 3 4 5 |  5.2
Shields        | 1 |  1.2
Hexes          | 1 2 |  2.0
Unarmed Combat | 1 2 |  2.6
Charms         | 1 2 |  2.1
Short Blades   | 1 |  1.2
Evocations     | 1 |  1.2
Long Blades    | 1 |  1.0
Polearms       | 1 |  1.0
Conjurations   | 5 |  5.0
Invocations    | 1 |  1.0
Summonings     | 1 2 |  2.0
Axes           | 1 |  1.0
Staves         | |  0.8
Stealth        | |  2.4

Action                   |  1- 3 |  4- 6 |  7- 9 | 10-12 || total
-------------------------+-------+-------+-------+-------++-------
Melee: Short sword       |    47 |   129 |    34 |       ||   210
       Tailslap          |     1 |    21 |    21 |    10 ||    53
       Club              |       |     5 |       |       ||     5
       Spear             |       |    58 |    20 |       ||    78
       Dagger            |       |    20 |    12 |       ||    32
       Great sword       |       |       |    44 |       ||    44
       Trident           |       |       |   120 |    51 ||   171
       Falchion          |       |       |     6 |       ||     6
       Punch             |       |       |     1 |     1 ||     2
       Scythe            |       |       |       |     8 ||     8
 Fire: Hunting sling     |     6 |     1 |       |       ||     7
Throw: Stone             |       |     7 |     6 |       ||    13
 Cast: Magic Dart        |    39 |    29 |    32 |       ||   100
       Searing Ray       |     2 |     1 |       |       ||     3
       Dazzling Spray    |       |    25 |    39 |    18 ||    82
       Iskenderun's Batt |       |       |     2 |     5 ||     7
       Summon Butterflie |       |       |     1 |       ||     1
Invok: Bend Space        |       |       |     2 |       ||     2
 Abil: Release Summoned  |       |       |     1 |       ||     1
       Breathe Steam     |       |       |       |     2 ||     2
  Use: Scroll            |     1 |    12 |    10 |     1 ||    24
       Potion            |     1 |     1 |    10 |     3 ||    15
 Stab: Sleeping          |     1 |     9 |     7 |     2 ||    19
       Invisible         |       |     4 |     3 |     2 ||     9
Armor: Skin              |     9 |    49 |    96 |    22 ||   176
Dodge: Dodged            |    56 |   105 |   198 |    64 ||   423
Block: Buckler           |     2 |    36 |     5 |       ||    43
